 Dungeon Crawl Stone Soup version 0.29.1-1-gd02db6906a (webtiles) character file.

Game seed: 10897873743516832133

975 MisterFreud the Trooper (level 8, 0/64 HPs)
             Began as a Formicid Gladiator on Sept 19, 2022.
             Slain by a gnoll sergeant
             ... wielding a +1 spear of venom
              (13 damage)
             ... on level 5 of the Dungeon.
             The game lasted 00:06:33 (5017 turns).

MisterFreud the Trooper (Formicid Gladiator)        Turns: 5017, Time: 00:06:34

Health: 0/64       AC:  3    Str: 21    XL:     8   Next: 39%
Magic:  8/8        EV: 12    Int:  8    God:
Gold:   151        SH:  7    Dex: 15    Spells: 7/7 levels left

rFire   . . .      SeeInvis +   m - +0 quarterstaff (drain)
rCold   . . .      Faith    .   r - +2 buckler
rNeg    . . .      Spirit   .   b - +0 leather armour
rPois   .          Reflect  .   (helmet unavailable)
rElec   .          Harm     .   (no cloak)
rCorr   .          Rampage  .   (no gloves)
Will    .....                   (no boots)
Stlth   +.........              h - amulet of the acrobat
HPRegen 0.20/turn               k - +4 ring of slaying
MPRegen 0.11/turn               (no ring)

@: lethally poisoned (0 -> -17)
A: permanent stasis, dig shafts and tunnels, antennae 3, four strong arms
a: Dig, Shaft Self


You were on level 5 of the Dungeon.
You visited 1 branch of the dungeon, and saw 5 of its levels.

You collected 270 gold pieces.
You spent 119 gold pieces at shops.

Inventory:

Hand Weapons
 a - a +0 flail
 m - a +0 quarterstaff of draining (weapon)
Missiles
 c - 3 throwing nets (quivered)
 d - a javelin
 s - 2 poisoned darts
Armour
 b - a +0 leather armour (worn)
 r - a +2 buckler (worn)
Jewellery
 h - an amulet of the acrobat (around neck)
 k - a +4 ring of slaying (left hand)
 w - a +6 ring of intelligence
Wands
 j - a wand of paralysis (9)
Scrolls
 l - a scroll of enchant armour {unknown}
 n - a scroll of blinking {unknown}
 p - a scroll of amnesia {unknown}
 u - a scroll of noise {unknown}
 v - a scroll of magic mapping {unknown}
 x - a scroll of fear
Potions
 e - a potion of flight {unknown}
 f - 3 potions of curing
 g - a potion of might
 i - a potion of mutation {unknown}
 o - 2 potions of degeneration
 q - 3 potions of heal wounds
 t - 2 potions of brilliance {unknown}


   Skills:
 + Level 6.1 Fighting
 - Level 5.1(6.1) Maces & Flails
 + Level 5.0(6.1) Staves
 - Level 2.0 Throwing
 - Level 2.6 Dodging
 - Level 4.0 Shields


You had 7 spell levels left.
You didn't know any spells.
Your spell library contained the following spells:

 Spells                   Type           Power      Damage    Failure   Level
 Magic Dart               Conj           0%         1d3       54%         1
 Call Imp                 Summ           0%         N/A       67%         2
 Sublimation of Blood     Necr           0%         N/A       67%         2
 Mephitic Cloud           Conj/Pois/Air  0%         N/A       88%         3
 Portal Projectile        Hex/Tloc       0%         N/A       88%         3
 Spider Form              Tmut/Pois      0%         N/A       88%         3
 Tukima's Dance           Hex            0%         N/A       88%         3
 Petrify                  Tmut/Erth      0%         N/A       99%         4
 Blade Hands              Tmut           0%         N/A       100%        5
 Irradiate                Conj/Tmut      0%         3d11      100%        5
 Manifold Assault         Tloc           0%         N/A       100%        5
 Statue Form              Tmut/Erth      0%         N/A       100%        6
 Dragon Form              Tmut           0%         N/A       100%        7
 Storm Form               Tmut/Air       0%         N/A       100%        7
 Blink                    Tloc           Unusable   N/A       N/A         2

Dungeon Overview and Level Annotations

Branches:
Dungeon (5/15)
 Temple: D:4-7

Altars:
Ru
Uskayaw
Vehumet
Wu Jian

Shops:
D:2 (   D:3 *

Annotations:
D:3 1 runed translucent door, Quercus's ghost, amateur DECj


Innate Abilities, Weirdness & Mutations

You cannot be hasted, slowed, berserked, paralysed or teleported.
You can dig through walls and to a lower floor.
You have a pair of large antennae on your head. (SInv)
Your four strong arms can wield two-handed weapons with a shield.


Message History

The gnoll completely misses you. The gnoll closely misses you.
You closely miss the gnoll. The gnoll misses you. You block the gnoll's attack.
You completely miss the gnoll. The gnoll hits you with a +0 whip.
You barely miss the gnoll. The gnoll barely misses you.
You barely miss the gnoll. The gnoll barely misses you.
You block the gnoll sergeant's attack.
You closely miss the gnoll. The gnoll hits you with a +0 whip.
The gnoll sergeant closely misses you.
The gnoll sergeant hits you from afar with a +1 spear of venom.
You are poisoned.
You block the gnoll's attack.
You hit the gnoll.
The gnoll is lightly wounded.
You feel very sick. The gnoll hits you but does no damage.
The gnoll sergeant hits you from afar with a +1 spear of venom.
You are more poisoned.
You closely miss the gnoll.
The gnoll is lightly wounded.
You feel very sick. The gnoll closely misses you.
You block the gnoll sergeant's attack.
You barely miss the gnoll.
The gnoll is lightly wounded.
You feel very sick. The gnoll hits you with a +0 whip!
The gnoll sergeant hits you from afar with a +1 spear of venom!
You are lethally poisoned!
You barely miss the gnoll.
The gnoll is lightly wounded.
* * * LOW HITPOINT WARNING * * *
You feel very sick. The gnoll hits you but does no damage.
You block the gnoll sergeant's attack.
You are too injured to fight recklessly!
You closely miss the gnoll.
The gnoll is lightly wounded.
* * * LOW HITPOINT WARNING * * *
You feel very sick. The gnoll misses you.
The gnoll sergeant hits you from afar with a +1 spear of venom!
You die...

######### ........# #@####
#g#.. #g#.# ## #g#.## .#
.... #g.#.##########.#
.....#####.###...........#
.....g.)..## ##....#####.#
........{..###).##.......#
#.....###<..#...#######..#


You could see a gnoll sergeant and 3 gnolls.

Vanquished Creatures
  Duvessa (D:4)
  A phantom (D:5)
  Dowan (D:4)
  3 killer bees (D:4)
  2 jellies
  4 hounds
  An orc priest (D:4)
  A gnoll bouda (D:5)
  3 orc wizards
  An iguana (D:4)
  5 gnolls
  7 adders
  An ufetubus (D:5)
  4 worms
  16 dart slugs
  11 orcs
  6 bats
  9 endoplasms
  A giant cockroach (D:1)
  4 goblins
  8 hobgoblins
  8 jackals (D:1)
  5 kobolds
  2 quokkas
  10 ball pythons
  4 frilled lizards
  6 rats
125 creatures vanquished.

Notes
Turn   | Place    | Note
-------+----------+-------------------------------------------
     0 | D:1      | MisterFreud the Formicid Gladiator began the quest for the
                  | Orb.
     0 | D:1      | Reached XP level 1. HP: 16/16 MP: 1/1
   114 | D:1      | Reached XP level 2. HP: 22/22 MP: 2/2
   304 | D:1      | Reached XP level 3. HP: 24/27 MP: 3/3
   395 | D:1      | Got the Catalogue of Transformation
  1006 | D:1      | Found a faded altar of an unknown god.
  1334 | D:2      | Reached XP level 4. HP: 33/33 MP: 4/4
  1697 | D:2      | Found Banarch's Weapon Shoppe.
  1743 | D:2      | Reached skill level 5 in Maces & Flails
  2243 | D:2      | Bought a +0 quarterstaff of draining for 119 gold pieces
  2288 | D:3      | Found an ornate altar of the Wu Jian Council.
  2316 | D:3      | Reached XP level 5. HP: 36/39 MP: 5/5
  2331 | D:3      | Reached skill level 1 in Staves
  2545 | D:3      | Found a runed translucent door.
  2546 | D:3      | Found a sacrificial altar of Ru.
  2549 | D:3      | Reached skill level 3 in Fighting
  2702 | D:3      | Reached XP level 6. HP: 47/47 MP: 6/6
  2819 | D:3      | Found Silaedatt's Assorted Antiques.
  3084 | D:3      | Found a hide-covered altar of Uskayaw.
  3088 | D:3      | Found a radiant altar of Vehumet.
  3199 | D:3      | Noticed Quercus's ghost (amateur DECj)
  3470 | D:4      | Reached skill level 4 in Fighting
  3470 | D:4      | Reached skill level 1 in Shields
  3476 | D:4      | Reached XP level 7. HP: 20/55 MP: 7/7
  3775 | D:4      | Noticed Duvessa
  3775 | D:4      | Noticed Dowan
  3800 | D:4      | Killed Duvessa
  3806 | D:4      | Killed Dowan
  3970 | D:4      | Reached skill level 5 in Fighting
  4275 | D:4      | Reached XP level 8. HP: 56/62 MP: 8/8
  4448 | D:5      | Entered Level 5 of the Dungeon
  4730 | D:5      | Reached skill level 6 in Fighting
  4804 | D:5      | Reached skill level 5 in Staves
  5017 | D:5      | Slain by a gnoll sergeant

Illustrated notes

Levels and vault maps discovered:
D:1:      heliophobic_arrival_enchanted_forest, layout_basic,
          dreamdust_ecumenical_altar_angels_and_demons,
          minmay_shallow_snake_nest
D:2:      layout_loops_ring, serial_shops, shop_fountains
D:3:      kennysheep_slugbush, layout_rooms,
          nicolae_ru_great_annihilating_truth, nzn_wu_jian_contemplation,
          minitemple, gammafunk_ghost_grave, serial_shops, shop
D:4:      layout_basic, st_stairs_2, uniq_duvessa
D:5:      layout_loops_ring

Skill      XL: |  1  2  3  4  5  6  7  8 |
---------------+-------------------------+-----
Maces & Flails | 4 5 |  5.1
Staves         | 2 3 4 5 |  5.0
Fighting       | 3 4 5 6 |  6.1
Shields        | 2 4 |  4.0
Throwing       | |  2.0
Dodging        | |  2.6

Action                   |  1- 3 |  4- 6 |  7- 9 || total
-------------------------+-------+-------+-------++-------
Melee: Flail             |    70 |    47 |       ||   117
       Punch             |     2 |       |       ||     2
       Quarterstaff      |       |    99 |    89 ||   188
  Use: Scroll            |     2 |       |     4 ||     6
       Potion            |       |       |     1 ||     1
 Stab: Sleeping          |     1 |       |     3 ||     4
Armor: Leather armour    |    24 |    23 |    10 ||    57
Dodge: Dodged            |    64 |   110 |    47 ||   221
Block: Buckler           |       |    10 |    30 ||    40
